 Dungeon Crawl Stone Soup version 0.27.0-1-g7a089689b8 (webtiles) character file.

Game seed: 64233525967173392

106 rogsnak the Firebug (level 4, -1/36 HPs)
             Began as a Naga Fire Elementalist on Aug 3, 2021.
             Slain by a jackal (2 damage)
             ... on level 2 of the Dungeon.
             The game lasted 00:05:34 (2673 turns).

rogsnak the Firebug (Naga Fire Elementalist)        Turns: 2673, Time: 00:05:34

Health: -1/36      AC:  2    Str: 10    XL:     4   Next: 84%
Magic:  8/8        EV: 10    Int: 16    God:
Gold:   33         SH:  0    Dex: 12    Spells: 4/9 levels left

rFire    . . .     SeeInvis +   k - +0 hand axe
rCold    + . .     Faith    .   (no shield)
rNeg     . . .     Spirit   .   a - +0 robe
rPois    +         Reflect  .   (no helmet)
rElec    .         Harm     .   (no cloak)
rCorr    .         Rampage  .   (no gloves)
Will     .....                  (no barding)
Stlth    ++........             (no amulet)
HPRegen  0.12/turn              r - ring of protection from cold
MPRegen  0.11/turn              (no ring)

@: very slow
A: AC +1, large, see invisible, deformed body, poison resistance, slowness 2,
spit poison 1, naga tail 1
a: Spit Poison


You were on level 2 of the Dungeon.
You visited 1 branch of the dungeon, and saw 2 of its levels.

You collected 33 gold pieces.

Inventory:

Hand Weapons
 b - a +2 vorpal hunting sling
 d - a +0 short sword
 k - a +0 hand axe (weapon)
 n - a +0 trident
Missiles
 i - 15 arrows
 o - 13 stones
 p - 19 sling bullets
Armour
 a - a +0 robe (worn)
Jewellery
 r - a ring of protection from cold (left hand)
Scrolls
 e - 2 scrolls of fog {unknown}
 h - 2 scrolls of magic mapping {unknown}
 j - 2 scrolls of identify {unknown}
 m - a scroll of amnesia {unknown}
 q - a scroll of teleportation {unknown}
 s - a scroll of blinking {unknown}
Potions
 c - a potion of attraction {unknown}
 f - a potion of curing {unknown}
 g - a potion of lignification {unknown}
 l - a potion of cancellation {unknown}


   Skills:
 + Level 0.1 Fighting
 + Level 1.8 Dodging
 - Level 3.0 Stealth
 + Level 3.0 Spellcasting
 * Level 2.2 Conjurations
 + Level 4.0 Fire Magic


You had 4 spell levels left.
You knew the following spells:

 Your Spells              Type           Power      Damage    Failure   Level
a - Foxfire               Conj/Fire      48%        2x1d6     5%          1
b - Sticky Flame          Conj/Fire      12%        2d4       45%         4

Your spell library contained the following spells:

 Spells                   Type           Power      Damage    Failure   Level
 Conjure Flame            Conj/Fire      12%        6-21      16%         3
 Inner Flame              Hex/Fire       8%         N/A       24%         3
 Fireball                 Conj/Fire      6%         3d5       82%         5


Dungeon Overview and Level Annotations

Branches:
Dungeon (2/15)

Altars:


Innate Abilities, Weirdness & Mutations

Your serpentine skin is tough. (AC +1)
You have supernaturally acute eyesight. (SInv)
Armour fits poorly on your strangely shaped body.
Your system is resistant to poisons. (rPois)
You cover ground very slowly.
You can spit poison.
You have a snake-like lower body.


Message History

You hit the jackal.
The jackal is moderately wounded.
You hit the jackal. The jackal closely misses you.
The jackal bites you but does no damage.
The jackal bites you.
* * * LOW HITPOINT WARNING * * *
Unknown command.
You closely miss the jackal.
The jackal is moderately wounded.
You closely miss the jackal.
You have got your breath back.
The jackal closely misses you. The jackal completely misses you.
The jackal closely misses you. x2
You closely miss the jackal.
The jackal is moderately wounded.
You miss the jackal. The jackal bites you.
* * * LOW HITPOINT WARNING * * *
The jackal barely misses you. The jackal bites you.
* * * LOW HITPOINT WARNING * * *
The jackal bites you.
* * * LOW HITPOINT WARNING * * *
You closely miss the jackal.
The jackal is moderately wounded.
You barely miss the jackal. The jackal bites you.
* * * LOW HITPOINT WARNING * * *
The jackal bites you.
* * * LOW HITPOINT WARNING * * *
The jackal barely misses you. x2
You hit the jackal but do no damage.
The jackal is moderately wounded.
You closely miss the jackal.
The jackal bites you but does no damage.
The jackal bites you.
* * * LOW HITPOINT WARNING * * *
The jackal bites you but does no damage.
You hit the jackal.
You kill the jackal!
You closely miss the jackal. The jackal completely misses you.
The jackal bites you.
You die...

######### ######
#..§.h..# .....#
#.# .# .....# #.#
h# ###..####
#####.#### .#
........# ###
#@†......# .#
.##..##.###.##
#h###.##.# h#
.##..##.##...###.#
#.##.##.#
.)...##.#.....##.#
#.).....#
.#.#.##..........#
####.####
##.#.######.######
#.### ##.#.# #.#
#...# .....# #.#
###.# ##.### ##'##
#.#


You could see a jackal.

Vanquished Creatures
  A hound (D:2)
  3 adders (D:2)
  A dart slug (D:2)
  An orc (D:2)
  3 endoplasms
  A giant cockroach (D:2)
  A goblin (D:2)
  3 hobgoblins (D:2)
  6 jackals
  6 kobolds
  3 quokkas
  6 ball pythons
  6 bats
  A frilled lizard (D:2)
  3 rats
45 creatures vanquished.

Vanquished Creatures (others)
  108 foxfires
108 creatures vanquished.

Grand Total: 153 creatures vanquished

Notes
Turn   | Place    | Note
-------+----------+-------------------------------------------
     0 | D:1      | rogsnak the Naga Fire Elementalist began the quest for the
                  | Orb.
     0 | D:1      | Reached XP level 1. HP: 15/15 MP: 3/3
   458 | D:1      | Reached XP level 2. HP: 22/22 MP: 3/5
   913 | D:1      | Found a faded altar of an unknown god.
  1248 | D:2      | Reached XP level 3. HP: 28/28 MP: 3/6
  1293 | D:2      | Reached XP level 4. HP: 36/36 MP: 4/8
  1509 | D:2      | Learned a level 4 spell: Sticky Flame
  2548 | D:2      | Reached skill level 4 in Fire Magic
  2672 | D:2      | HP: 1/36 [jackal (1)]
  2673 | D:2      | Slain by a jackal

Illustrated notes

Levels and vault maps discovered:
D:1:      dpeg_chamrin_arrival_tetris, layout_loops_ring,
          shapermc_ecumenical_altar_flowoftime, minmay_misc_feat_encased,
          kennysheep_decorative_pillar
D:2:      layout_loops_corners, minmay_circle_x

Skill      XL: |  1  2  3  4 |
---------------+-------------+-----
Conjurations   | 2 |  2.2
Spellcasting   | 3 |  3.0
Fire Magic     | 4 |  4.0
Fighting       | |  0.1
Dodging        | |  1.8
Stealth        | |  3.0

Action                   |  1- 3 |  4- 6 || total
-------------------------+-------+-------++-------
Melee: Short sword       |    11 |    23 ||    34
       Hand axe          |       |     6 ||     6
 Cast: Foxfire           |    28 |    41 ||    69
 Abil: Spit Poison       |     1 |     3 ||     4
 Stab: Sleeping          |     2 |     1 ||     3
Armor: Robe              |     7 |     9 ||    16
Dodge: Dodged            |    11 |    35 ||    46
